 Dungeon Crawl Stone Soup version 0.25-a0-734-g73332aeda9 (webtiles) character file.

Game seed: 11148028083419578040, levelgen mode: deterministic

1772750 Musclomancer the Conqueror (level 27, 248/248 (249) HPs)
             Began as a Formicid Fighter on Apr 10, 2020.
             Was an Initiate of Gozag.
             Escaped with the Orb
             ... and 3 runes!
             The game lasted 03:35:02 (66809 turns).

Musclomancer the Conqueror (Formicid Fighter)      Turns: 66809, Time: 03:35:03

HP:   248/248 (249) AC: 45    Str: 37    XL:     27
MP:   42/46         EV: 12    Int: 11    God:    Gozag
Gold: 4212          SH: 34    Dex: 16    Spells: 30/37 levels left

rFire    + + +     SeeInvis +   Z - +9 executioner's axe (vorpal)
rCold    + + +     Gourm    .   Y - +7 tower shield {rC+}
rNeg     + . .     Faith    .   S - +9 plate armour "Huocs" {rPois rF+ Str+2}
rPois    +         Spirit   .   (helmet unavailable)
rElec    +         Reflect  +   O - +2 cloak of Ziqedas {rElec MR+}
rCorr    .         Harm     .   F - +3 pair of gauntlets of War {Slay+5}
MR       ++++.     Clarity  +   b - +3 pair of boots of Creativity {MP+9 Str+4}
Stlth    ..........             U - amulet of Gusou {Reflect Dex+2 SH+3}
HPRegen  0.51/turn              x - ring of Uwnalet {rElec rN+ MR+ Int+2}
MPRegen  0.30/turn              W - ring of Urirgh {*Corrode rF+++ rC++ AC+3 Dex+2}

@: no status effects
A: permanent stasis, dig shafts and tunnels, four strong arms, antennae 3, beak,
talons 1, clarity
0: Orb of Zot
}: 3/15 runes: barnacled, silver, gossamer
a: Dig, Shaft Self, Potion Petition, Call Merchant, Bribe Branch, Renounce
Religion


You escaped.
You worshipped Gozag.
Gozag was most pleased with you.
You were full.

You visited 10 branches of the dungeon, and saw 52 of its levels.
You visited 1 bazaar.
You visited 1 ziggurat, and saw 5 of its levels.
You also visited: Desolation.

You collected 33627 gold pieces.
You spent 10671 gold pieces at shops.
You paid 18744 gold pieces to Gozag.

Inventory:

Hand Weapons
 D - a +2 demon trident of freezing
 Z - a +9 vorpal executioner's axe (weapon)
Missiles
 t - 35 curare-tipped darts (quivered)
 C - 7 throwing nets
Armour
 b - the +3 pair of boots of Creativity (worn) {MP+9 Str+4}
   (You bought it in a shop on level 7 of the Dungeon)

   It affects your strength (+4).
   It affects your magic capacity (+9).
 E - the +16 plate armour of Life {rN+ Str+3 Dex-4 Stlth+}
   (You found it on level 5 of the Depths)

   It affects your strength (+3).
   It affects your dexterity (-4).
   It protects you from negative energy.
   It makes you more stealthy.
 F - the +3 pair of gauntlets of War (worn) {Slay+5}
   (You bought it in a shop on level 3 of the Vaults)

   It affects your accuracy and damage with ranged weapons and melee attacks
   (+5).
 O - the +2 cloak of Ziqedas (worn) {rElec MR+}
   (You found it on level 3 of the Spider Nest)

   It insulates you from electricity.
   It affects your resistance to hostile enchantments.
 S - the +9 plate armour "Huocs" (worn) {rPois rF+ Str+2}
   (You bought it in a shop on level 4 of the Lair of Beasts)

   It affects your strength (+2).
   It protects you from fire.
   It protects you from poison.
 Y - a +7 tower shield of cold resistance (worn)
Jewellery
 x - the ring of Uwnalet (left hand) {rElec rN+ MR+ Int+2}
   (You found it in the Desolation of Salt)

   [ring of positive energy]

   It affects your intelligence (+2).
   It insulates you from electricity.
   It protects you from negative energy.
   It affects your resistance to hostile enchantments.
 U - the amulet of Gusou (around neck) {Reflect Dex+2 SH+3}
   (You took it off a deep elf annihilator on level 3 of the Elven Halls)

   [amulet of reflection]

   It shields you and reflects attacks.
   It affects your dexterity (+2).
   It affects your SH (+3).
 W - the ring of Urirgh (right hand) {*Corrode rF+++ rC++ AC+3 Dex+2}
   (You bought it in a shop on level 2 of the Lair of Beasts)

   [ring of protection]

   It affects your AC (+3).
   It affects your dexterity (+2).
   It renders you almost immune to fire.
   It greatly protects you from cold.
   It may corrode you when you take damage.
Wands
 a - a wand of clouds (5)
 c - a wand of random effects (25)
 d - a wand of disintegration (9)
 j - a wand of iceblast (26)
 k - a wand of flame (36)
 p - a wand of polymorph (20)
 y - a wand of digging (11)
 z - a wand of paralysis (16)
 I - a wand of acid (30)
 K - a wand of scattershot (4)
 N - a wand of enslavement (30)
Scrolls
 l - a scroll of magic mapping
 o - 27 scrolls of remove curse
 q - 3 scrolls of brand weapon
 s - 6 scrolls of fog
 v - 8 scrolls of enchant weapon
 w - 9 scrolls of identify
 A - 4 scrolls of holy word
 B - 10 scrolls of amnesia
 J - 8 scrolls of fear
 L - 3 scrolls of silence
Potions
 e - 13 potions of flight
 g - 5 potions of cancellation
 h - 7 potions of heal wounds
 i - 3 potions of mutation
 m - 11 potions of stabbing
 n - 14 potions of curing
 r - a potion of invisibility
 H - 3 potions of magic
 M - 9 potions of brilliance
 P - a potion of resistance
 Q - 3 potions of might
 X - 5 potions of ambrosia
Miscellaneous
 u - a lightning rod (4/4)
 R - 4 boxes of beasts
 T - 2 phantom mirrors
 V - 2 tins of tremorstones
Comestibles
 f - 36 rations


   Skills:
 O Level 27 Fighting
 - Level 25.9(26.0) Axes
 - Level 3.2(18.2) Polearms
 - Level 3.0 Throwing
 - Level 21.0 Armour
 - Level 5.0 Dodging
 - Level 16.8 Shields
 + Level 5.6 Spellcasting
 * Level 11.2 Hexes
 - Level 6.0 Charms
 * Level 8.0 Air Magic
 - Level 20.5 Evocations


You had 30 spell levels left.
You knew the following spells:

 Your Spells              Type           Power        Failure   Level  Hunger
a - Song of Slaying       Chrm           ###.....     8%          2    ##.....
b - Silence               Hex/Air        ###.......   32%         5    ######.

Your spell library contained the following spells:

 Spells                   Type           Power        Failure   Level  Hunger
 Corona                   Hex            ####...      1%          1    None
 Slow                     Hex            ####....     1%          2    ##.....
 Confusing Touch          Hex            ####....     1%          3    ###....
 Tukima's Dance           Hex            ####....     1%          3    ###....
 Infusion                 Chrm           ###.         4%          1    None
 Spectral Weapon          Hex/Chrm       ###.....     5%          3    ###....
 Cause Fear               Hex            ####......   6%          4    ####...
 Ensorcelled Hibernation  Hex/Ice        ###...       9%          2    ##.....
 Dazzling Flash           Conj/Hex       ###...       19%         3    ###....
 Summon Guardian Golem    Hex/Summ       ###.....     19%         3    ###....
 Shroud of Golubria       Chrm/Tloc      #.....       26%         2    ##.....
 Ozocubu's Armour         Chrm/Ice       #.......     45%         3    ###....
 Animate Skeleton         Necr           N/A          52%         1    None
 Beastly Appendage        Tmut           #.....       52%         1    None
 Magic Dart               Conj           #...         52%         1    None
 Summon Butterflies       Summ           #.......     52%         1    None
 Summon Small Mammal      Summ           #...         52%         1    None
 Mephitic Cloud           Conj/Pois/Air  #.......     52%         3    ###....
 Call Imp                 Summ           #.......     67%         2    ##.....
 Sticks to Snakes         Tmut           #.......     67%         2    ##.....
 Sublimation of Blood     Necr           #.........   67%         2    ##.....
 Invisibility             Hex            ####....     67%         6    #######
 Summon Lightning Spire   Summ/Air       ##......     75%         4    ####...
 Metabolic Englaciation   Hex/Ice        ###.......   86%         5    ######.
 Summon Mana Viper        Hex/Summ       ###.....     86%         5    ######.
 Yara's Violent Unravell  Hex/Tmut       ###.......   86%         5    ######.
 Call Canine Familiar     Summ           #.......     88%         3    ###....
 Conjure Flame            Conj/Fire      #.......     88%         3    ###....
 Gell's Gravitas          Tloc           #.........   88%         3    ###....
 Lesser Beckoning         Tloc           #.........   88%         3    ###....
 Spider Form              Tmut/Pois      #.........   88%         3    ###....
 Teleport Other           Tloc           #.......     88%         3    ###....
 Vampiric Draining        Necr           #.........   88%         3    ###....
 Animate Dead             Necr           N/A          99%         4    ####...
 Ice Form                 Ice/Tmut       #.......     99%         4    ####...
 Summon Ice Beast         Ice/Summ       #.......     99%         4    ####...
 Excruciating Wounds      Chrm/Necr      #.........   99%         5    ######.
 Iskenderun's Battlesphe  Conj/Chrm      #.......     99%         5    ######.
 Deflect Missiles         Chrm/Air       ###.......   99%         6    #######
 Agony                    Necr           #.......     100%        5    ######.
 Blade Hands              Tmut           #.........   100%        5    ######.
 Conjure Ball Lightning   Conj/Air       ##........   100%        6    #######
 Freezing Cloud           Conj/Ice/Air   #.........   100%        6    #######
 Hydra Form               Tmut           #.........   100%        6    #######
 Ozocubu's Refrigeration  Ice            #.........   100%        6    #######
 Simulacrum               Ice/Necr       #.........   100%        6    #######
 Statue Form              Tmut/Erth      #........    100%        6    #######
 Malign Gateway           Summ/Tloc      #.........   100%        7    #######
 Monstrous Menagerie      Summ           #.........   100%        7    #######
 Summon Greater Demon     Summ           #.........   100%        7    #######
 Summon Hydra             Summ           #.........   100%        7    #######
 Chain Lightning          Conj/Air       ##........   100%        8    #######
 Discord                  Hex            ####......   100%        8    #######
 Lehudib's Crystal Spear  Conj/Erth      #.........   100%        8    #######
 Summon Horrible Things   Summ           #.........   100%        8    #######
 Absolute Zero            Ice            #.........   100%        9    #######
 Fire Storm               Conj/Fire      #.........   100%        9    #######
 Tornado                  Air            ###.......   100%        9    #######
 Blink                    Tloc           Unusable     N/A         2    N/A
 Controlled Blink         Tloc           Unusable     N/A         8    N/A

Dungeon Overview and Level Annotations

Branches:
Dungeon (15/15)            Temple (0/1) D:5            Lair (6/6) D:10
 Shoals (4/4) Lair:2       Spider (4/4) Lair:2        Slime (0/5) Lair:6
    Orc (2/2) D:12            Elf (3/3) Orc:2        Vaults (5/5) D:13
  Crypt (3/3) Vaults:2       Tomb (0/3) Crypt:3      Depths (5/5) D:15
    Zot (5/5) Depths:5    Desolation (visited)

Altars:
Cheibriados
Dithmenos
Elyvilon
Gozag
Kikubaaqudgha
Makhleb
Qazlal
Trog
Wu Jian
Xom
Yredelemnul
The Shining One
Beogh
Jiyva
Lugonu

Shops:
D:7 [   Orc:1 [   Orc:2 !:[(   Elf:1 }!   Lair:2 =   Lair:4 [   Shoals:3 *
Spider:1 %   Spider:4 (   Vaults:2 **   Vaults:3 [   Vaults:5 %%!   Depths:1 [
Depths:5 [

Portals:
Hell: Depths:1 Depths:2 Depths:3 Depths:4 Depths:5
Abyss: Depths:2 Depths:4 Depths:5
Pandemonium: Depths:3 Depths:4 Depths:5

Annotations:
D:11 2 transporters, Bivodgh's ghost, journeyman MiEn
Lair:2 1 runed translucent door, emiel's ghost, journeyman NaFi
Orc:1 3 runed translucent doors, p0werm0de's ghost, journeyman DDFi
Elf:1 6 runed translucent doors


Innate Abilities, Weirdness & Mutations

You cannot be hasted, slowed, berserked, paralysed or teleported.
You can dig through walls and to a lower floor.
Your four strong arms can wield two-handed weapons with a shield.
You have a pair of large antennae on your head. (SInv)
You have a beak for a mouth.
You have sharp toenails.
You possess an exceptional clarity of mind.


Message History

Really quaff the potion of mutation?
You feel extremely strange.
You feel clever.
Your beak shortens and softens into a mouth.
Your fingernails shrink to normal size.
You feel less energetic.
You feel weaker.
You feel less encumbered by your armour.
Your mouth lengthens and hardens into a beak!
Okay, then.
Really quaff the potion of mutation?
You feel extremely strange.
You feel more encumbered by your armour.
You feel less energetic.
You feel resistant to heat.
Quiver which item? (- for none, * to show all) (? for menu, Esc to quit)
Okay, then.
Really quaff the potion of mutation?
You feel extremely strange.
You feel stronger.
You feel more energetic.
You no longer feel heat resistant.
Your thoughts seem clearer.
Your toenails lengthen and sharpen.
You have escaped!

.........# #..........#####.
####.##############.####...#
#. #>.....................##
#. #.#######.######.#####..#
#. #.##.# ##.## ##'### ##.##
#.
#.#.#######.###....####..####.
#.##.##...)...)...............
#.##....)...........####..##.#
#.##.........@......#.....##.#
#.##..#######.......#.###..#.#
#.##..##...##.......#.# #..#.#
#.##..#.###.'.......#.# #....#
#.##..#.#≈#.#..#.##.#.# #.#..#
#.##..#.#'#.#..#.##.#.# #.#..#
#.##..##...##).#.##.#.###.#..#
#.....#######..#.##.#.#....#.#
#.#............#.##.#.#.####..


There were no monsters in sight!

Vanquished Creatures
  Mennas (Vaults:3)
  Mara (Depths:1)
  A juggernaut (Depths:2)
  An ancient lich (Zot:5)
  Sojobo (Depths:1)
  Boris (Depths:3)
  2 Killer Klowns (Zot:5)
  3 pandemonium lords
  3 curse toes
  Xtahua (Vaults:3)
  Nikola (Spider:1)
  the Enchantress (Depths:1)
  4 bone dragons
  7 golden dragons
  A Brimstone Fiend (Zig:4)
  Rupert (D:13)
  14 Orb Guardians
  Jorgrun (D:15)
  18 tentacled monstrosities
  An Ice Fiend (Depths:5)
  2 liches
  Asterion (Spider:1)
  4 titans
  2 deep elf blademasters (Elf:3)
  2 deep elf master archers (Elf:3)
  9 quicksilver dragons
  3 death cobs
  2 sphinxes
  2 Executioners (Depths:4)
  Polyphemus (Shoals:4)
  9 ancient champions
  Frances (Spider:1)
  Gastronok (Lair:1)
  10 tengu reavers
  11 shadow dragons
  8 draconian monks
  10 frost giants
  13 storm dragons
  Donald (Vaults:2)
  16 fire giants
  5 revenants
  3 deep elf sorcerers
  11 draconian scorchers
  7 ghost moths
  6 draconian knights
  2 iron dragons
  A nagaraja (Zig:1)
  2 imperial myrmidons (Desolation)
  A balrug (Depths:3)
  12 vault wardens
  The ghost of FessEmpty the Thaumaturge, a journeyman GnVM of Wu Jian (Spider:3)
  8 draconian shifters
  8 emperor scorpions
  A cacodemon (Zig:4)
  A juggernaut zombie (Crypt:2)
  A curse skull (Crypt:2)
  3 war gargoyles
  9 draconian annihilators
  6 deep elf elementalists
  A blood saint (Depths:1)
  6 spriggan defenders
  3 reapers
  2 draconian stormcallers
  The ghost of Zam Vou the Grappler, a journeyman TrTm of Cheibriados (D:14)
  6 ghouls
  3 entropy weavers
  12 ironheart preservers
  15 green draconians
  14 very ugly things
  16 stone giants
  11 deep elf demonologists
  2 vampire knights
  11 black draconians
  11 purple draconians
  6 deep elf annihilators
  17 spark wasps
  A halazid warlock (Desolation)
  17 yellow draconians
  6 white draconians
  10 red draconians
  12 ettins
  10 deep elf death magi
  A blizzard demon (Depths:1)
  4 eidola
  A quicksilver dragon zombie (D:15)
  8 merfolk impalers
  3 crystal guardians (Desolation)
  2 mummy priests (Crypt:3)
  5 merfolk javelineers
  14 fire dragons
  7 deep elf high priests
  Josephine (Shoals:1)
  10 jiangshi
  A great orb of eyes (shapeshifter) (Vaults:5)
  Fannar (D:12)
  7 great orbs of eyes
  10 ragged hierophants (Desolation)
  24 vault guards
  14 yaktaur captains
  17 ogre magi
  6 rakshasas
  9 hydras
  5 servants of whispers (Desolation)
  9 peacekeepers
  2 spriggan air magi
  19 ice dragons
  11 centaur warriors
  4 death knights
  2 alligator snapping turtles
  A merfolk avatar (Shoals:4)
  A satyr (Shoals:2)
  43 two-headed ogres
  16 death yaks
  A queen ant (Lair:2)
  A catoblepas (Shoals:4)
  A satyr (shapeshifter) (Depths:3)
  5 merfolk aquamancers
  10 deep troll earth magi
  10 deep troll shamans
  5 vampire magi
  An orc high priest (Zig:3)
  8 tengu warriors
  3 hell hogs (Depths:1)
  6 spriggan berserkers
  Urug (D:10)
  2 soul eaters (Crypt:3)
  2 wretched stars (Depths:3)
  Sonja (Orc:1)
  28 skeletal warriors
  6 iron trolls
  4 sun demons
  18 deep elf knights
  A fire crab (shapeshifter) (Depths:4)
  15 hell knights
  5 shadow wraiths
  4 sixfirhies
  40 deep trolls
  10 sea snakes
  3 obsidian statues
  A swamp dragon (Zig:5)
  2 torturous demonspawn
  A sea snake (shapeshifter) (Depths:5)
  An unseen horror (shapeshifter) (Vaults:2)
  15 deep elf archers
  2 glowing orange brains
  3 gelid demonspawn
  3 infernal demonspawn
  A golden dragon zombie (Crypt:1)
  3 wizards
  10 phantasmal warriors
  10 flayed ghosts
  5 unseen horrors
  17 ironbrand convokers
  2 lindwurms (Lair:6)
  4 orange crystal statues
  A glowing orange brain (shapeshifter) (Vaults:5)
  12 necromancers
  9 large abominations
  A wolf spider zombie (D:14)
  A harpy (shapeshifter) (Vaults:1)
  An anaconda skeleton (Crypt:3)
  A mana viper (shapeshifter) (Vaults:4)
  A wolf spider (shapeshifter) (Depths:2)
  12 harpies
  26 orb spiders
  43 ugly things
  45 wolf spiders
  14 fauns
  15 orc knights
  An orb spider (shapeshifter) (Vaults:4)
  45 deep elf magi
  9 cyclopes
  2 fire giant zombies (D:15)
  17 elephants
  16 manticores
  A stone giant zombie (Crypt:2)
  A salamander (shapeshifter) (Depths:3)
  An iron dragon skeleton (Crypt:3)
  A fire giant skeleton (Crypt:3)
  29 moths of wrath
  A black mamba (shapeshifter) (Elf:1)
  2 guardian serpents (shapeshifter)
  13 vault sentinels
  12 merfolk sirens
  An apocalypse crab (Depths:3)
  A torpor snail (shapeshifter) (Vaults:4)
  5 black mambas
  An alligator snapping turtle zombie (Crypt:2)
  2 guardian serpents (Desolation)
  A rust devil (D:4)
  2 ice statues
  6 water nymphs
  3 molten gargoyles (Desolation)
  An orange demon (D:13)
  A green draconian zombie (Crypt:2)
  12 spiny frogs
  A torpor snail (Spider:3)
  An emperor scorpion zombie (Crypt:3)
  A hellion (Depths:5)
  3 kobold demonologists
  8 komodo dragons
  A komodo dragon (shapeshifter) (Depths:3)
  A yaktaur (shapeshifter) (Depths:1)
  6 freezing wraiths
  34 yaktaurs
  13 demonic crawlers
  A sea snake zombie (Crypt:3)
  2 efreet (D:15)
  A tormentor (Depths:3)
  6 rime drakes
  2 ice devils
  A hellwing (Depths:3)
  2 minotaur skeletons
  6 guardian mummies (Crypt:3)
  A sea snake skeleton (Crypt:3)
  14 trolls
  A golden dragon simulacrum (Crypt:3)
  A black draconian skeleton (Crypt:1)
  33 merfolk
  3 meliai (Spider:4)
  5 tengu conjurers
  5 polar bears
  A jumping spider (shapeshifter) (Vaults:4)
  A troll (shapeshifter) (Vaults:3)
  A shadow dragon simulacrum (Crypt:3)
  A red devil (Depths:5)
  35 jumping spiders
  16 hornets
  A meliai (shapeshifter) (Elf:3)
  2 polar bears (shapeshifter)
  8 wind drakes
  2 harpy zombies
  A wind drake (shapeshifter) (Vaults:5)
  18 slime creatures
  2 hippogriffs (shapeshifter)
  A deep troll zombie (Depths:1)
  68 saltlings
  9 hippogriffs
  6 dream sheep
  A blink frog (Lair:6)
  A blink frog (shapeshifter) (Depths:2)
  A snapping turtle (shapeshifter) (Vaults:5)
  9 snapping turtles
  An ice dragon zombie (Crypt:2)
  A fire dragon zombie (D:15)
  A black mamba zombie (Crypt:3)
  5 flying skulls (Crypt:2)
  25 water elementals
  An air elemental (Elf:3)
  A redback (shapeshifter) (Vaults:4)
  9 spriggans
  A yak (shapeshifter) (Depths:5)
  27 tarantellas
  77 redbacks
  5 shadows
  An ice dragon skeleton (Crypt:3)
  4 ushabtiu (Crypt:3)
  16 humans
  3 ynoxinuls
  5 wyverns
  29 yaks
  13 wraiths
  5 basilisks
  A fire elemental (Elf:3)
  A golden eye (shapeshifter) (Vaults:4)
  A chaos spawn (Depths:5)
  3 hungry ghosts (D:12)
  2 vampire mosquitoes (D:15)
  Menkaure (D:5)
  Edmund (D:4)
  4 wargs
  17 soldier ants
  7 hell hounds (Depths:1)
  A floating eye (Depths:5)
  Duvessa (D:4)
  2 acid dragons
  11 water moccasins
  7 porcupines
  25 orc warriors
  A spiny frog skeleton (Crypt:3)
  7 ice beasts
  3 phantoms
  6 sky beasts
  2 eyes of draining
  4 necrophages
  2 black bears
  A boggart (shapeshifter) (Vaults:5)
  3 black bears (shapeshifter)
  An ettin simulacrum (Crypt:3)
  53 ogres
  22 boggarts
  22 centaurs
  14 wolves
  A crocodile (shapeshifter) (Vaults:5)
  10 crocodiles
  An elf zombie (Elf:2)
  3 big kobolds
  2 wyvern zombies
  13 bullfrogs
  An earth elemental (Elf:1)
  A deep troll simulacrum (Vaults:2)
  Dowan (D:4)
  A troll zombie (D:12)
  A wyvern skeleton (Crypt:3)
  2 scorpions
  A cyclops skeleton (Crypt:1)
  7 killer bees (D:9)
  7 electric eels
  A raiju skeleton (Crypt:2)
  8 wights
  A howler monkey (D:6)
  5 crimson imps
  A black bear zombie (Crypt:3)
  2 bullfrog zombies
  2 centaur zombies
  9 starcursed masses (Depths:3)
  3 quasits
  8 hounds
  2 iron imps (Depths:3)
  8 jellies
  2 bullfrog skeletons
  10 orc priests
  26 orc wizards
  A gnoll shaman (Orc:2)
  2 centaur skeletons
  4 iguanas
  A human skeleton (Crypt:1)
  6 hell rats (Lair:6)
  A porcupine zombie (Crypt:3)
  39 worker ants
  A porcupine skeleton (Crypt:2)
  5 ogre zombies (D:12)
  An acid dragon zombie (Crypt:3)
  A felid skeleton (Crypt:1)
  A hound zombie (D:5)
  7 mummies (Crypt:3)
  2 worker ant zombies (D:6)
  A howler monkey zombie (D:7)
  9 gnolls
  A steam dragon zombie (Crypt:1)
  12 adders
  6 shadow imps
  2 white imps (Depths:3)
  An ooze (D:2)
  An adder skeleton (D:5)
  5 worms
  A barachi skeleton (Crypt:2)
  2 dart slugs
  6 leopard geckos
  67 orcs
  8 bats
  8 giant cockroaches
  7 goblins
  5 hobgoblins
  4 jackals
  5 quokkas
  A ball python (D:1)
  A ball python skeleton (D:3)
  7 frilled lizards
  2 goblin skeletons
  A goblin zombie (D:12)
  A hobgoblin skeleton (D:12)
  4 hobgoblin zombies (D:12)
  A jackal skeleton (D:9)
  22 kobolds
  A leopard gecko skeleton (D:5)
  2 orc skeletons (D:12)
  10 orc zombies (D:12)
  A quokka zombie (D:6)
  7 rats
  A bush (D:15)
  8 fungi (Lair:6)
  3 plants
  A withered plant (D:15)
2582 creatures vanquished.

Vanquished Creatures (collateral kills)
  An orb of fire (Zot:5)
  An ancient lich (Zot:5)
  3 Killer Klowns (Zot:5)
  2 electric golems (Zot:5)
  An Ice Fiend (Zot:1)
  6 Orb Guardians (Zot:5)
  A vault guard (Vaults:5)
  A deep troll (shapeshifter) (Vaults:5)
  3 moths of wrath (Zot:5)
  A saltling (Desolation)
  An ogre (Vaults:5)
21 creatures vanquished.

Vanquished Creatures (others)
  An ancient lich (Zot:5)
  An electric golem (Zot:5)
  7 Orb Guardians (Zot:5)
  A titan (Zot:5)
  A tengu reaver (Vaults:5)
  A draconian knight (Zot:2)
  A draconian stormcaller (Zot:5)
  5 yaktaur captains
  2 centaur warriors (Vaults:1)
  21 dancing weapons
  2 satyrs (Shoals:4)
  A soul eater (Zot:5)
  A deep troll (Depths:3)
  3 fauns
  3 cyclopes
  4 yaktaurs
  4 merfolk
  An ogre (Vaults:5)
  A boggart (Depths:1)
  5 centaurs
  A bullfrog (D:15)
  An orc (D:14)
  10 fungi
  15 plants
  3 withered plants (D:15)
96 creatures vanquished.

Grand Total: 2699 creatures vanquished

Notes
Turn   | Place    | Note
-------+----------+-------------------------------------------
     0 | D:1      | Musclomancer the Formicid Fighter began the quest for the
                  | Orb.
     0 | D:1      | Reached XP level 1. HP: 18/18 MP: 1/1
    88 | D:1      | Reached XP level 2. HP: 11/24 MP: 2/2
   725 | D:1      | Reached XP level 3. HP: 27/29 MP: 3/3
  2097 | D:2      | Reached XP level 4. HP: 36/36 MP: 4/4
  2664 | D:2      | Found a white marble altar of Elyvilon.
  2994 | D:2      | Reached XP level 5. HP: 35/42 MP: 5/5
  3884 | D:4      | Noticed a phantom
  3923 | D:4      | Killed a phantom
  3923 | D:4      | Reached skill level 1 in Throwing
  3923 | D:4      | Reached XP level 6. HP: 26/48 MP: 6/6
  4121 | D:4      | Reached skill level 4 in Fighting
  4130 | D:4      | Reached skill level 5 in Axes
  4135 | D:4      | Found a shadowy altar of Dithmenos.
  4135 | D:4      | Found an opulent altar of Gozag.
  4142 | D:4      | Found an ornate altar of the Wu Jian Council.
  4144 | D:4      | Found a glowing golden altar of the Shining One.
  4145 | D:4      | Found a bloodstained altar of Trog.
  4166 | D:4      | Became a worshipper of Gozag Ym Sagoz the Greedy
  4517 | D:4      | Noticed Edmund
  4524 | D:4      | Killed Edmund
  4524 | D:4      | Reached XP level 7. HP: 54/54 MP: 7/7
  4580 | D:4      | Noticed Duvessa
  4580 | D:4      | Noticed Dowan
  4587 | D:4      | Killed Duvessa
  4596 | D:4      | Killed Dowan
  4596 | D:4      | Reached skill level 5 in Shields
  5084 | D:5      | Entered Level 5 of the Dungeon
  5224 | D:5      | Reached XP level 8. HP: 60/60 MP: 8/8
  5499 | D:5      | Found a staircase to the Ecumenical Temple.
  5656 | D:5      | Noticed Menkaure
  5663 | D:5      | Killed Menkaure
  6551 | D:6      | Reached skill level 5 in Armour
  6568 | D:6      | Reached XP level 9. HP: 38/66 MP: 9/9
  7476 | D:6      | Reached skill level 5 in Fighting
  8213 | D:7      | Reached skill level 10 in Axes
  8307 | D:7      | Bought a heavily runed chain mail for 237 gold pieces
  8317 | D:7      | Identified the +3 chain mail "Saacocw" {rPois rN+} (You
                  | bought it in a shop on level 7 of the Dungeon)
  8458 | D:8      | Noticed a hippogriff
  8474 | D:8      | Killed a hippogriff
  8474 | D:8      | Reached XP level 10. HP: 57/76 MP: 10/10
  8513 | D:7      | Bought a pair of slimy boots for 237 gold pieces
  8518 | D:7      | Identified the +3 pair of boots of Creativity {MP+9 Str+4}
                  | (You bought it in a shop on level 7 of the Dungeon)
  8737 | D:8      | Reached skill level 6 in Fighting
  9317 | D:8      | Found a snail-covered altar of Cheibriados.
  9317 | D:8      | Found a burning altar of Makhleb.
  9618 | D:9      | Found a stormy altar of Qazlal.
  9644 | D:9      | Reached skill level 1 in Evocations
 10036 | D:7      | Bought a pair of faintly humming gloves for 237 gold pieces
 10046 | D:7      | Identified the +2 pair of gloves of the Swamp {rPois Str+6
                  | Stlth+} (You bought it in a shop on level 7 of the Dungeon)
 10302 | D:9      | Reached skill level 7 in Fighting
 10409 | D:9      | Reached XP level 11. HP: 84/84 MP: 12/12
 10614 | D:10     | Entered Level 10 of the Dungeon
 10614 | D:10     | Noticed Urug
 10707 | D:10     | Noticed an elephant
 10742 | D:10     | Killed an elephant
 10878 | D:10     | Found a staircase to the Lair.
 11466 | D:10     | Killed Urug
 11466 | D:10     | Reached skill level 8 in Fighting
 11609 | Lair:1   | Entered Level 1 of the Lair of Beasts
 11636 | Lair:1   | Noticed a seven-headed hydra
 11642 | Lair:1   | Killed a seven-headed hydra
 11952 | Lair:1   | Noticed Gastronok
 11989 | Lair:1   | Killed Gastronok
 11989 | Lair:1   | Reached skill level 5 in Evocations
 11989 | Lair:1   | Reached XP level 12. HP: 70/94 MP: 15/15
 12231 | Lair:1   | Reached skill level 9 in Fighting
 12836 | Lair:2   | Found a hole to the Spider Nest.
 13021 | Lair:2   | Reached skill level 15 in Axes
 13166 | Lair:2   | Found a runed translucent door.
 13166 | Lair:2   | Found a shimmering altar of Xom.
 13166 | Lair:2   | Noticed emiel's ghost (journeyman NaFi)
 13167 | Lair:2   | Noticed a +0 rapier of chaos
 13400 | Lair:2   | Noticed a queen ant
 13429 | Lair:2   | Reached skill level 10 in Fighting
 13435 | Lair:2   | Killed a queen ant
 13773 | Lair:2   | Found a staircase to the Shoals.
 14111 | Lair:3   | You fall into a shaft and drop 2 floors!
 14152 | Lair:4   | Reached XP level 13. HP: 91/104 MP: 18/18
 14577 | Lair:3   | Found a snail-covered altar of Cheibriados.
 15158 | Lair:2   | Bought the ring "Eluhaude" {Wiz rF+ MR+} for 644 gold
                  | pieces
 15548 | Lair:4   | Reached skill level 11 in Fighting
 15627 | Lair:4   | Noticed an eight-headed hydra
 15634 | Lair:4   | Killed an eight-headed hydra
 16146 | D:11     | Noticed Bivodgh's ghost (journeyman MiEn)
 16215 | D:11     | Found a transporter.
 16256 | D:11     | Found a transporter.
 17001 | D:12     | Found a staircase to the Orcish Mines.
 17188 | D:12     | Noticed Fannar
 17231 | D:12     | Killed Fannar
 18284 | D:13     | Found a gate to the Vaults.
 18284 | D:13     | Noticed a centaur warrior
 18320 | Orc:1    | Entered Level 1 of the Orcish Mines
 18469 | Orc:2    | Entered Level 2 of the Orcish Mines
 18569 | Orc:1    | Reached XP level 14. HP: 67/114 MP: 20/20
 18639 | Orc:1    | You fall into a shaft and drop 1 floor!
 18675 | Orc:2    | Reached skill level 12 in Fighting
 19066 | Orc:2    | Found a staircase to the Elven Halls.
 19755 | Orc:2    | Found Yfut's Weapon Shoppe.
 19755 | Orc:2    | Found Ifamith's Book Shop.
 19756 | Orc:2    | Found Vytt's Antique Armour Shop.
 19756 | Orc:2    | Found Urai's Distillery.
 19776 | Orc:2    | Bought a potion of mutation for 136 gold pieces
 19776 | Orc:2    | Bought a potion of heal wounds for 85 gold pieces
 19776 | Orc:2    | Bought a potion of curing for 51 gold pieces
 19776 | Orc:2    | Bought a potion of mutation for 136 gold pieces
 19991 | Orc:1    | Noticed Sonja
 20223 | Orc:1    | Found a runed translucent gate.
 20223 | Orc:1    | Found a runed translucent gate.
 20223 | Orc:1    | Found a runed translucent gate.
 20230 | Orc:1    | Noticed p0werm0de's ghost (journeyman DDFi)
 20249 | Orc:1    | Identified the +10 mace of the Lumpy Emperors {freeze,
                  | *Drain rElec rF- Str+9}
 20250 | Orc:1    | Identified the +5 battleaxe of Isanie {vorpal, *Rage rPois
                  | MR+}
 20250 | Orc:1    | Identified the +1 chain mail "Jies Goesm" {MP+9 Slay+5
                  | Stlth+}
 20251 | Orc:1    | Found a roughly hewn altar of Beogh.
 20312 | Orc:1    | Killed Sonja
 20527 | Orc:2    | Bought a distressingly furry plate armour for 700 gold
                  | pieces
 20537 | Orc:2    | Identified the cursed +1 plate armour of the Clam {MR+
                  | Int-5 SInv} (You bought it in a shop on level 2 of the
                  | Orcish Mines)
 20618 | D:13     | Noticed Rupert
 20975 | Lair:4   | Reached XP level 15. HP: 83/122 MP: 20/21
 21002 | Lair:4   | Reached skill level 13 in Fighting
 21321 | Lair:4   | Gained mutation: You are weak. (Str -2) [potion of
                  | mutation]
 21321 | Lair:4   | Lost mutation: You are weak. (Str -2) [potion of mutation]
 21321 | Lair:4   | Gained mutation: You are partially covered in molten
                  | scales. (AC +2) [potion of mutation]
 21321 | Lair:4   | Gained mutation: You evolve. [potion of mutation]
 21326 | Lair:4   | Gained mutation: Your magical capacity is low. (-10% MP)
                  | [evolution]
 21326 | Lair:4   | Lost mutation: You evolve. [end of evolution]
 21830 | Lair:5   | Noticed an emperor scorpion
 21830 | Lair:5   | a seven-headed hydra changed into an emperor scorpion
 21840 | Lair:5   | Killed an emperor scorpion
 22158 | Lair:6   | Entered Level 6 of the Lair of Beasts
 23191 | Lair:6   | Found a staircase to the Slime Pits.
 23192 | Lair:6   | Found a viscous altar of Jiyva.
 23756 | Lair:6   | Noticed a quicksilver dragon
 23756 | Lair:6   | a seven-headed hydra changed into a quicksilver dragon
 23800 | Lair:5   | Killed a quicksilver dragon
 24693 | Lair:6   | Reached XP level 16. HP: 127/132 MP: 19/19
 24924 | Spider:1 | Entered Level 1 of the Spider Nest
 24941 | Spider:1 | Reached skill level 14 in Fighting
 25203 | Spider:1 | Noticed Asterion
 25278 | Spider:1 | Noticed Frances
 25292 | Spider:1 | Killed Frances
 25486 | Spider:1 | Found a roughly hewn altar of Beogh.
 25610 | Spider:1 | Killed Asterion
 26115 | Spider:1 | Bought a ration for 60 gold pieces
 26115 | Spider:1 | Bought a ration for 60 gold pieces
 26115 | Spider:1 | Bought a ration for 60 gold pieces
 26284 | Spider:1 | Noticed Nikola
 26308 | Spider:1 | Killed Nikola
 26876 | Spider:1 | Bought a ration for 60 gold pieces
 26876 | Spider:1 | Bought a ration for 60 gold pieces
 26876 | Spider:1 | Bought a ration for 60 gold pieces
 26876 | Spider:1 | Bought a ration for 60 gold pieces
 26876 | Spider:1 | Bought a ration for 60 gold pieces
 27468 | Spider:3 | Reached skill level 10 in Armour
 27514 | Spider:3 | Reached skill level 15 in Fighting
 27539 | Spider:3 | Reached XP level 17. HP: 116/142 MP: 20/20
 28552 | Spider:3 | Found a transporter.
 28552 | Spider:3 | Noticed FessEmpty's ghost (journeyman GnVM)
 28596 | Spider:3 | Killed FessEmpty's ghost
 28610 | Spider:3 | Found a transporter.
 28627 | Spider:3 | Got a faintly humming cloak
 28638 | Spider:3 | Identified the +2 cloak of Ziqedas {rElec MR+} (You found
                  | it on level 3 of the Spider Nest)
 29035 | Elf:1    | Entered Level 1 of the Elven Halls
 29329 | Elf:1    | Found Luniaxif's Gadget Boutique.
 29482 | Elf:1    | Reached skill level 16 in Fighting
 29807 | Elf:1    | Found a runed translucent gate.
 29807 | Elf:1    | Found a runed translucent gate.
 29807 | Elf:1    | Found a runed translucent gate.
 29807 | Elf:1    | Found a runed translucent gate.
 29807 | Elf:1    | Found a runed translucent gate.
 29808 | Elf:1    | Found a runed translucent gate.
 29810 | Elf:1    | Noticed a shadow dragon
 29811 | Elf:1    | Noticed a storm dragon
 30240 | Elf:1    | Found Acucuocu's Distillery.
 30248 | Elf:1    | Bought a potion of resistance for 100 gold pieces
 30248 | Elf:1    | Bought a potion of might for 40 gold pieces
 30248 | Elf:1    | Bought 2 potions of cancellation for 160 gold pieces
 30248 | Elf:1    | Bought a potion of mutation for 80 gold pieces
 30248 | Elf:1    | Bought a potion of curing for 30 gold pieces
 30701 | Lair:4   | Bought the +9 plate armour "Huocs" {rPois rF+ Str+2} for
                  | 1536 gold pieces
 31165 | Elf:2    | Reached XP level 18. HP: 153/153 MP: 21/21
 31395 | Elf:2    | Found a runed translucent gate.
 31395 | Elf:2    | Found a runed translucent gate.
 31395 | Elf:2    | Found a runed translucent gate.
 31494 | Elf:2    | Identified the Incunabulum of Black Magic
 31809 | Elf:2    | Reached skill level 17 in Fighting
 31944 | Elf:3    | Entered Level 3 of the Elven Halls
 32800 | Elf:3    | Noticed a deep elf blademaster
 32800 | Elf:3    | Identified the amulet of Sateat {Spirit rPois rC- Int+6
                  | Stlth+}
 32838 | Elf:3    | Noticed a deep elf master archer
 32842 | Elf:3    | Killed a deep elf master archer
 32881 | Elf:3    | Killed a deep elf blademaster
 32983 | Elf:3    | Noticed a deep elf master archer
 32990 | Elf:3    | Killed a deep elf master archer
 32990 | Elf:3    | Reached skill level 18 in Fighting
 33017 | Elf:3    | Noticed a Tzitzimitl
 33179 | Elf:3    | Identified the ring "Munucw" {+Blink +Fly Dex+4}
 33179 | Elf:3    | Noticed a deep elf blademaster
 33215 | Elf:3    | Killed a deep elf blademaster
 33314 | Elf:3    | Identified the cursed +0 leather armour of Gravity {rN+}
 33326 | Elf:3    | Identified the +2 great sword of Royalism {vorpal, rPois
                  | rN+ Str-4 SInv}
 33326 | Elf:3    | Identified the amulet of Gusou {Reflect Dex+2 SH+3}
 33333 | Elf:3    | Reached XP level 19. HP: 133/164 MP: 22/22
 33568 | Elf:3    | Identified the cursed +2 lajatang of Overwhelming Force
                  | {venom, *Contam Str+7}
 33653 | Elf:3    | Identified the +12 plate armour "Kityjomm" {MP+9} (You
                  | found it on level 3 of the Elven Halls)
 33762 | Elf:3    | Identified the Disquisition on Unholy Orientation
 34046 | Lair:2   | Bought the ring of Urirgh {*Corrode rF+++ rC++ AC+3 Dex+2}
                  | for 1028 gold pieces
 34046 | Lair:2   | Bought the amulet of Juletiex {Reflect Int+3 SH+2} for 270
                  | gold pieces
 34174 | D:13     | Killed Rupert
 34178 | D:13     | Reached skill level 19 in Fighting
 34513 | D:13     | Found Meghiobria's Food Emporium.
 34518 | D:13     | Bought a ration for 50 gold pieces
 34518 | D:13     | Bought a ration for 50 gold pieces
 34518 | D:13     | Bought a ration for 50 gold pieces
 34518 | D:13     | Bought a ration for 50 gold pieces
 34518 | D:13     | Bought a ration for 50 gold pieces
 34518 | D:13     | Bought a ration for 50 gold pieces
 34518 | D:13     | Bought a ration for 50 gold pieces
 34518 | D:13     | Bought a ration for 50 gold pieces
 35022 | D:14     | Reached skill level 1 in Polearms
 35252 | D:14     | Found a runed translucent gate.
 35252 | D:14     | Found a runed translucent gate.
 35252 | D:14     | Noticed Zam Vou's ghost (journeyman TrTm)
 35253 | D:14     | Found a runed translucent gate.
 35254 | D:14     | Found a roughly hewn altar of Beogh.
 35256 | D:14     | Identified the cursed +3 glaive of Expedience {drain,
                  | *Corrode Int+2 Dex+7 SInv}
 35256 | D:14     | Identified the +8 plate armour "Nebleghe" {*Corrode rElec
                  | Str+3}
 35280 | D:14     | Killed Zam Vou's ghost
 36169 | D:15     | Entered Level 15 of the Dungeon
 36205 | D:15     | Found a basalt altar of Yredelemnul.
 36299 | D:15     | Noticed Jorgrun
 36316 | D:15     | Killed Jorgrun
 36316 | D:15     | Reached skill level 10 in Shields
 36708 | D:15     | Found a staircase to the Depths.
 36779 | D:15     | Identified the +3 plate armour "Ugauk" {rF+} (You found it
                  | on level 15 of the Dungeon)
 37713 | Spider:3 | Reached XP level 20. HP: 174/174 MP: 24/24
 37939 | Spider:4 | Entered Level 4 of the Spider Nest
 38072 | Spider:4 | Reached skill level 10 in Evocations
 38794 | Spider:4 | Got a gossamer rune of Zot
 39064 | Shoals:1 | Entered Level 1 of the Shoals
 39120 | Shoals:1 | Noticed Josephine
 39140 | Shoals:1 | Killed Josephine
 40389 | Shoals:2 | Reached XP level 21. HP: 181/181 MP: 26/26
 41178 | Shoals:3 | Reached skill level 15 in Shields
 41840 | Shoals:3 | Identified a scroll of acquirement
 41889 | Shoals:3 | Found Xarhoa Kepn's General Store.
 41899 | Shoals:3 | Bought a ration for 95 gold pieces
 41953 | Shoals:4 | Entered Level 4 of the Shoals
 42237 | Shoals:4 | Noticed Polyphemus
 42260 | Shoals:4 | Killed Polyphemus
 42411 | Shoals:4 | Reached skill level 20 in Fighting
 43014 | Shoals:4 | Got a barnacled rune of Zot
 43715 | Vaults:1 | Entered Level 1 of the Vaults
 44281 | Vaults:1 | Reached XP level 22. HP: 165/192 MP: 28/28
 44793 | Vaults:2 | Found Rohatat's General Store.
 44817 | Vaults:2 | Found Okoenoik's Assorted Antiques.
 44823 | Vaults:2 | Bought a blackened fluorescent wand for 152 gold pieces
 44913 | Vaults:2 | Found a flickering gateway to a bazaar.
 44920 | Bazaar   | Entered a bazaar
 44924 | Bazaar   | Found Vilaexum's Jewellery Boutique.
 44942 | Bazaar   | Found Qixeoret's Antique Weapon Emporium.
 44959 | Bazaar   | Found Cosishun's Book Boutique.
 44976 | Bazaar   | Found Kelosie's Gadget Shoppe.
 44981 | Bazaar   | Bought a wand of acid (13) for 340 gold pieces
 44981 | Bazaar   | Bought a box of beasts for 200 gold pieces
 45029 | Vaults:2 | Got a coiled jade ring
 45033 | Vaults:2 | Found a staircase to the Crypt.
 45156 | Vaults:2 | Noticed Donald
 45165 | Vaults:2 | Killed Donald
 45343 | Vaults:2 | Bought a potion of resistance for 180 gold pieces
 45343 | Vaults:2 | Bought a ration for 90 gold pieces
 45343 | Vaults:2 | Bought 2 potions of curing for 108 gold pieces
 45397 | Vaults:2 | Reached skill level 21 in Fighting
 45928 | Vaults:3 | Found a ruined gateway.
 45949 | Desolati | Entered the Desolation of Salt
 46065 | Desolati | Identified Piux's Papyrus of Fascination
 46082 | Desolati | Identified the ring "Cimmos" {Ice MP+9} (You found it on
                  | level 2 of the Vaults)
 46091 | Desolati | Got a translucent ruby amulet
 46092 | Desolati | Identified the amulet "Xibyc" {Acrobat rC++ Str-3 Dex+5}
                  | (You found it in the Desolation of Salt)
 46220 | Desolati | Got a twitching bronze ring
 46228 | Desolati | Got a pair of spiked boots
 46229 | Desolati | Identified the ring "Omowubamise" {rPois MP+9 Int-5 SInv
                  | Stlth+} (You found it in the Desolation of Salt)
 46241 | Desolati | Identified the +1 pair of boots of the Beekeeper {rPois
                  | Int+3} (You found it in the Desolation of Salt)
 46530 | Desolati | Got a pitted pewter ring
 46531 | Desolati | Identified the ring of Uwnalet {rElec rN+ MR+ Int+2} (You
                  | found it in the Desolation of Salt)
 46723 | Desolati | Reached skill level 22 in Fighting
 47308 | Vaults:3 | Reached XP level 23. HP: 204/204 MP: 29/29
 47380 | Vaults:3 | Bought the +3 pair of gauntlets of War {Slay+5} for 2137
                  | gold pieces
 47380 | Vaults:3 | Found the +3 pair of gauntlets of War {Slay+5}
 47630 | Vaults:3 | Noticed Mennas
 47668 | Vaults:3 | Killed Mennas
 48113 | Vaults:3 | Noticed Xtahua
 48128 | Vaults:3 | Killed Xtahua
 48385 | Vaults:3 | Reached skill level 23 in Fighting
 49427 | Vaults:4 | Reached skill level 15 in Armour
 49427 | Vaults:4 | Reached XP level 24. HP: 204/216 MP: 30/30
 49750 | Crypt:1  | Entered Level 1 of the Crypt
 49982 | Crypt:1  | Identified Poth's Advanced Guide to Witchcraft
 50015 | Crypt:1  | Reached skill level 24 in Fighting
 50489 | Crypt:2  | Reached skill level 1 in Dodging
 51601 | Crypt:3  | Entered Level 3 of the Crypt
 51659 | Crypt:3  | Reached skill level 15 in Evocations
 51698 | Crypt:3  | Identified the ring "Loungol" {Ice rN++ Dex-3 Stlth+} (You
                  | acquired it on level 3 of the Crypt)
 51811 | Crypt:3  | Found a staircase to the Tomb.
 52543 | Crypt:3  | Reached XP level 25. HP: 164/224 MP: 30/30
 52840 | Crypt:3  | Found an ancient bone altar of Kikubaaqudgha.
 52847 | Crypt:3  | Found a basalt altar of Yredelemnul.
 52888 | Crypt:3  | Identified the +2 pair of gloves "Rofekh" {rN+ MP+9} (You
                  | acquired it on level 3 of the Crypt)
 52900 | Crypt:3  | Identified the cursed +1 crystal plate armour of the Orb
                  | {rPois rCorr} (You found it on level 3 of the Crypt)
 52907 | Crypt:3  | Identified the +1 pair of gloves "Mask" {rC+ Str+4 Dex+4}
                  | (You found it on level 3 of the Crypt)
 52961 | Crypt:3  | Identified Sif Muna's Reference Book on Quantum
                  | Transmutation
 52969 | Crypt:3  | Identified the ring "Loagel" {*Contam rN+ Str+3 Int+2
                  | Stlth+} (You found it on level 3 of the Crypt)
 52970 | Crypt:3  | Identified the ring "Veumpili" {rN+ Str+2 Int+3 SInv} (You
                  | found it on level 3 of the Crypt)
 53557 | Vaults:5 | Entered Level 5 of the Vaults
 53909 | Vaults:5 | Reached skill level 5 in Dodging
 54163 | Vaults:5 | Identified the +2 plate armour of Mumblety Peg {rF+ MP-9
                  | Dex+4}
 54168 | Vaults:5 | Identified the +3 leather armour of Awasac {rF++ MP-9
                  | Str+2}
 54325 | Vaults:5 | Identified the cursed +1 scimitar "Fikunar" {drain, rPois
                  | rN+}
 54326 | Vaults:5 | Reached skill level 25 in Fighting
 54546 | Vaults:5 | Reached XP level 26. HP: 226/234 MP: 30/30
 54618 | Vaults:5 | Identified the ring of the Invisible Hand {Str+5 Int+6
                  | Dex+3}
 54904 | Vaults:5 | Identified the +2 pair of boots of Qazlal's Grace {Dex+7}
                  | (You found it on level 5 of the Vaults)
 55064 | Vaults:5 | Identified the Collected Works on Shape Shifting and
                  | Creation
 55249 | Vaults:5 | Got a silver rune of Zot
 55283 | Vaults:5 | Identified a +0 pair of boots of running (You found it on
                  | level 5 of the Vaults)
 55445 | Vaults:5 | Found Detis's Food Shop.
 55476 | Vaults:5 | Found Jyrghuy's Distillery.
 55480 | Vaults:5 | Bought a potion of curing for 51 gold pieces
 55480 | Vaults:5 | Bought a potion of curing for 51 gold pieces
 55480 | Vaults:5 | Bought a potion of mutation for 136 gold pieces
 55480 | Vaults:5 | Bought a potion of mutation for 136 gold pieces
 55480 | Vaults:5 | Bought a potion of might for 68 gold pieces
 55480 | Vaults:5 | Bought 2 potions of heal wounds for 170 gold pieces
 55480 | Vaults:5 | Bought 2 potions of heal wounds for 170 gold pieces
 55514 | Vaults:5 | Found Lumoxt's Food Boutique.
 55594 | Vaults:5 | Lost mutation: Your magical capacity is low. (-10% MP)
                  | [potion of mutation]
 55594 | Vaults:5 | Gained mutation: Scrolls take you a little longer to read.
                  | [potion of mutation]
 55594 | Vaults:5 | Gained mutation: Your spells are a little easier to cast,
                  | but a little less powerful. [potion of mutation]
 55594 | Vaults:5 | Gained mutation: Your muscles are strong. (Str +2) [potion
                  | of mutation]
 55595 | Vaults:5 | Lost mutation: Your muscles are strong. (Str +2) [potion of
                  | mutation]
 55595 | Vaults:5 | Lost mutation: Your spells are a little easier to cast, but
                  | a little less powerful. [potion of mutation]
 55595 | Vaults:5 | Gained mutation: You expend magic power (3 MP) to
                  | strengthen your wands. [potion of mutation]
 55595 | Vaults:5 | Gained mutation: Your body sometimes deteriorates upon
                  | taking damage. [potion of mutation]
 55595 | Vaults:5 | Gained mutation: Armour fits poorly on your strangely
                  | shaped body. [potion of mutation]
 55595 | Vaults:5 | Gained mutation: You are resistant to hostile enchantments.
                  | (MR+) [potion of mutation]
 55596 | Vaults:5 | Lost mutation: Your body sometimes deteriorates upon taking
                  | damage. [potion of mutation]
 55596 | Vaults:5 | Lost mutation: Scrolls take you a little longer to read.
                  | [potion of mutation]
 55596 | Vaults:5 | Lost mutation: Armour fits poorly on your strangely shaped
                  | body. [potion of mutation]
 55596 | Vaults:5 | Lost mutation: You expend magic power (3 MP) to strengthen
                  | your wands. [potion of mutation]
 55596 | Vaults:5 | Gained mutation: You are weak. (Str -2) [potion of
                  | mutation]
 55596 | Vaults:5 | Gained mutation: You occasionally shout uncontrollably at
                  | your foes. [potion of mutation]
 55596 | Vaults:5 | Gained mutation: You have a beak for a mouth. [potion of
                  | mutation]
 55597 | Vaults:5 | Lost mutation: You are resistant to hostile enchantments.
                  | (MR+) [potion of mutation]
 55597 | Vaults:5 | Lost mutation: You are weak. (Str -2) [potion of mutation]
 55597 | Vaults:5 | Lost mutation: You are partially covered in molten scales.
                  | (AC +2) [potion of mutation]
 55597 | Vaults:5 | Gained mutation: You are dopey. (Int -2) [potion of
                  | mutation]
 55597 | Vaults:5 | Gained mutation: You have sharp fingernails. [potion of
                  | mutation]
 55597 | Vaults:5 | Gained mutation: Your natural rate of healing is unusually
                  | fast. [potion of mutation]
 55861 | Depths:1 | Entered Level 1 of the Depths
 55935 | Depths:1 | Noticed Sojobo
 55971 | Depths:1 | Killed Sojobo
 56047 | Depths:1 | Found a gateway to Hell.
 56152 | Depths:1 | Noticed the Enchantress
 56194 | Depths:1 | Killed the Enchantress
 56301 | Depths:1 | Noticed Mara
 56316 | Depths:1 | Killed Mara
 56899 | Depths:2 | Found a one-way gate to the infinite horrors of the Abyss.
 57185 | Depths:2 | Reached XP level 27. HP: 241/241 MP: 34/34
 57416 | Depths:2 | Noticed a juggernaut
 57426 | Depths:2 | Killed a juggernaut
 58034 | Depths:3 | Noticed Boris
 58045 | Depths:3 | Killed Boris
 58045 | Depths:3 | Reached skill level 26 in Fighting
 58287 | Depths:3 | Found a corrupted altar of Lugonu.
 58287 | Depths:3 | Found a transporter.
 58379 | Depths:3 | Found a transporter.
 58439 | Depths:3 | Got a scorched copper amulet
 58440 | Depths:3 | Identified the amulet "Bionuf" {Reflect rElec rN+ Int+4
                  | Dex-5 SH+3} (You found it on level 3 of the Depths)
 58539 | Depths:3 | Found a one-way gate leading to the halls of Pandemonium.
 60079 | Depths:5 | Entered Level 5 of the Depths
 60079 | Depths:5 | Found a gateway to a ziggurat.
 60168 | Depths:5 | Reached skill level 1 in Spellcasting
 60246 | Depths:5 | Identified the +16 plate armour of Life {rN+ Str+3 Dex-4
                  | Stlth+} (You found it on level 5 of the Depths)
 60645 | Depths:5 | Found a gate to the Realm of Zot.
 60657 | Depths:5 | Reached skill level 5 in Spellcasting
 60997 | Zig:1    | Entered Level 1 of a ziggurat
 61015 | Zig:2    | Entered Level 2 of a ziggurat
 61037 | Zig:3    | Entered Level 3 of a ziggurat
 61101 | Zig:4    | Entered Level 4 of a ziggurat
 61103 | Zig:4    | Noticed Reasenuefo the pandemonium lord
 61106 | Zig:4    | Gained mutation: You are very dopey. (Int -4) [a cacodemon]
 61115 | Zig:4    | Killed Reasenuefo the pandemonium lord
 61189 | Zig:5    | Entered Level 5 of a ziggurat
 61231 | Zig:5    | Identified the +1 plate armour "Qemoj" {rElec rF+++ Str-4
                  | Dex-5} (You found it on level 5 of a ziggurat)
 61303 | Zot:1    | Entered Level 1 of the Realm of Zot
 61873 | Zot:1    | Reached skill level 27 in Fighting
 63546 | Zot:3    | Learned a level 2 spell: Song of Slaying
 63818 | Zot:3    | Reached skill level 1 in Charms
 65091 | Zot:4    | Learned a level 5 spell: Silence
 65209 | Zot:5    | Entered Level 5 of the Realm of Zot
 65229 | Zot:5    | Reached skill level 1 in Hexes
 65230 | Zot:5    | Reached skill level 1 in Air Magic
 65233 | Zot:5    | Reached skill level 5 in Charms
 65768 | Zot:5    | Reached skill level 5 in Hexes
 65805 | Zot:5    | Noticed an orb of fire
 65805 | Zot:5    | Noticed a Killer Klown
 65805 | Zot:5    | Noticed an ancient lich
 65806 | Zot:5    | Noticed a Killer Klown
 65806 | Zot:5    | Noticed a Killer Klown
 65840 | Zot:5    | Killed a Killer Klown
 65842 | Zot:5    | Noticed a Killer Klown
 65842 | Zot:5    | Noticed a Killer Klown
 65842 | Zot:5    | Noticed an orb of fire
 65848 | Zot:5    | Killed a Killer Klown
 65848 | Zot:5    | Reached skill level 5 in Air Magic
 65851 | Zot:5    | Killed a Killer Klown
 65856 | Zot:5    | Noticed an ancient lich
 65858 | Zot:5    | Killed a Killer Klown
 65868 | Zot:5    | Killed an ancient lich
 65882 | Zot:5    | Noticed an orb of fire
 65893 | Zot:5    | Got the Orb of Zot
 65896 | Zot:5    | a Killer Klown changed into a titan
 65905 | Zot:5    | Killed a Killer Klown
 65923 | Zot:5    | Killed an orb of fire
 65935 | Zot:5    | Noticed an ancient lich
 65940 | Zot:5    | Killed an ancient lich
 66209 | Depths:5 | Noticed Yper the pandemonium lord
 66218 | Depths:5 | Killed Yper the pandemonium lord
 66221 | Depths:5 | Noticed Otrulosoa the pandemonium lord
 66225 | Depths:5 | Killed Otrulosoa the pandemonium lord
 66257 | Depths:4 | Reached skill level 10 in Hexes
 66804 | D:1      | Lost mutation: Your natural rate of healing is unusually
                  | fast. [potion of mutation]
 66804 | D:1      | Lost mutation: You occasionally shout uncontrollably at
                  | your foes. [potion of mutation]
 66804 | D:1      | Gained mutation: You have an increased reservoir of magic.
                  | (+10% MP) [potion of mutation]
 66804 | D:1      | Lost mutation: You are very dopey. (Int -4) [potion of
                  | mutation]
 66805 | D:1      | Lost mutation: You are dopey. (Int -2) [potion of mutation]
 66805 | D:1      | Lost mutation: You have a beak for a mouth. [potion of
                  | mutation]
 66805 | D:1      | Lost mutation: You have sharp fingernails. [potion of
                  | mutation]
 66805 | D:1      | Lost mutation: You have an increased reservoir of magic.
                  | (+10% MP) [potion of mutation]
 66805 | D:1      | Gained mutation: You are weak. (Str -2) [potion of
                  | mutation]
 66805 | D:1      | Gained mutation: Your movements are slightly less
                  | encumbered by armour. (ER -2) [potion of mutation]
 66805 | D:1      | Gained mutation: You have a beak for a mouth. [potion of
                  | mutation]
 66806 | D:1      | Lost mutation: Your movements are slightly less encumbered
                  | by armour. (ER -2) [potion of mutation]
 66806 | D:1      | Gained mutation: Your magical capacity is low. (-10% MP)
                  | [potion of mutation]
 66806 | D:1      | Gained mutation: Your flesh is heat resistant. (rF+)
                  | [potion of mutation]
 66807 | D:1      | Lost mutation: You are weak. (Str -2) [potion of mutation]
 66807 | D:1      | Lost mutation: Your magical capacity is low. (-10% MP)
                  | [potion of mutation]
 66807 | D:1      | Lost mutation: Your flesh is heat resistant. (rF+) [potion
                  | of mutation]
 66807 | D:1      | Gained mutation: You possess an exceptional clarity of
                  | mind. [potion of mutation]
 66807 | D:1      | Gained mutation: You have sharp toenails. [potion of
                  | mutation]
 66809 | D:$      | Escaped with the Orb!

Levels and vault maps discovered:
D:1:      minmay_arrival_stone_box, layout_basic, minmay_strange_pillars
D:2:      layout_basic, elyvilon_altar_3, st_stairs_10
D:3:      layout_basic, first_ration
D:4:      layout_loops_corners, chequers_temple_overflow_minitemple,
          uniq_edmund, uniq_duvessa
D:5:      layout_basic, minmay_temple_entry_stoned_glass, chequers_avenue,
          uniq_menkaure
D:6:      hangedman_cross_stitches, layout_gridville
D:7:      layout_rooms
D:8:      layout_rooms, nicolae_overflow_hidden_temple,
          hangedman_pestilent_swarm
D:9:      layout_rooms, grunt_qazlal_sundering, evilmike_minifort
D:10:     layout_rooms, david_lair_generic, uniq_urug
D:11:     layout_long_grid, gammafunk_ghost_mausoleum, minmay_misc_feat_chi
D:12:     layout_gridville, zombieorc1_lemuel, hex_tiny, uniq_fannar
D:13:     lemuel_troll_bridge, layout_cave_pools, david_vaults_3, serial_shops,
          nicolae_shop_trees
D:14:     layout_basic, biasface_ghost_orc_armoury, grunt_decor_one_mirror,
          chequers_serial_rivers_marsh, kennysheep_nub
D:15:     gammafunk_depths_entry_grave, layout_basic, basic_altar,
          serial_park_gazebo [serial_park_minivault_5x5_7],
          grunt_decor_fettered, small_chamber_with_monster, minmay_bent,
          uniq_rupert, uniq_jorgrun
Lair:1:   layout_loops_ring, grunt_megastairs_5, uniq_gastronok
Lair:2:   layout_small_grid, elwin_shoals_entry_rocks,
          spider_nest_entry_web_field, ebering_ghost_xom, st_stairs_11,
          zaba_anthell, serial_bayou_shore_a, lemuel_fruit_tree
Lair:3:   layout_roguey, basic_altar
Lair:4:   layout_big_grid, serial_bayou_crossing, grunt_megastairs_4
Lair:5:   layout_hall_layers
Lair:6:   hangedman_lair_in_review, layout_long_grid, slime_altar_1,
          chequers_serial_rivers_large_b, chequers_serial_rivers_large_a,
          chequers_serial_rivers_micro_a, chequers_serial_rivers_small_a
Shoals:1: layout_shoals, uniq_josephine
Shoals:2: layout_shoals, st_cyclops
Shoals:3: layout_shoals, serial_shops, nicolae_shop_behind_doors
Shoals:4: shoals_end_simple, layout_shoals, nicolae_shoals_seven_spires,
          uniq_polyphemus
Spider:1: nicolae_spider_mines_2, guppyfry_spider_mini_1, uniq_asterion,
          uniq_frances, uniq_nikola
Spider:2: layout_spider_delve
Spider:3: layout_spider_delve, gammafunk_ghost_berserking_beasts, drop_trap,
          nicolae_spider_nook
Spider:4: grunt_spider_rune_circles, drop_trap
Orc:1:    layout_caves, biasface_ghost_orc_armoury, uniq_sonja
Orc:2:    st_orc_ogre_mass, layout_caves, gauntlet_entry_generic,
          minmay_orc_keep
Elf:1:    layout_loops_corners, serial_shops, shop, nicolae_shop_trees,
          orc_legates, kennysheep_underground_church
Elf:2:    layout_onion_city, minmay_elf_necromancy
Elf:3:    grunt_elf_hall_asides, layout_gridlike, roderic_lattice_octagonal_star
Vaults:1: vaults_dpeg_encased_lava, v_misc_9, hangedman_vaults_snaps,
          v_alt_pattern_3, v_alt_pattern_6, nicolae_vaults_little_squares_1,
          layout_vaults_omnigrid
Vaults:2: v_alt_pattern_3, vaults_mumra_hexcomb, grunt_vaults_hallway_short,
          minmay_crypt_entry_simple_sparse, v_rooms_1, vaults_room_pools,
          nicolae_vaults_circle_grid_b, nicolae_vaults_display_case,
          ontoclasm_vaults_loading_screen, nicolae_vaults_little_squares_1,
          layout_vaults_ring, serial_shops, bzr_entry_islet, shop,
          nicolae_shop_stone, uniq_donald
Vaults:3: nicolae_vaults_ninety_degrees, v_misc_5, v_pattern_2,
          hangedman_vaults_maws, ontoclasm_vaults_shout, vaults_mumra_lcd,
          nicolae_vaults_alarming, v_alt_pattern_3,
          nicolae_vaults_border_crossing, layout_vaults_omnicross,
          portal_desolation_entry_salt, uniq_mennas, uniq_xtahua
Vaults:4: vaults_mumra_minichess, nicolae_vaults_network_star,
          nicolae_vaults_little_squares_3, vaults_standard_mumra_lines,
          nicolae_vaults_disjoint_gnomons, grunt_vaults_swirl,
          vaults_room_hallway, vaults_mumra_hex, nicolae_vaults_rhombus_7,
          vaults_dpeg_hooks, ontoclasm_vaults_ring_small, v_misc_16,
          layout_vaults_maze
Vaults:5: serial_shops
Crypt:1:  layout_rooms
Crypt:2:  layout_basic, item_on_display_a
Crypt:3:  lightli_unholy_cathedral, layout_chaotic_city,
          nicolae_tomb_entry_grand_gallery, st_stairs_8,
          minmay_misc_feat_columns, minivault_14, grunt_ministairs_15
Depths:1: layout_roguey, kennysheep_crisscross, grunt_hell_horde,
          minmay_misc_feat_plants, st_stairs_5, serial_bayou_pond_c,
          minmay_misc_feat_secret_circle, minivault_16,
          kennysheep_generic_room_14, uniq_mara, uniq_enchantress, uniq_sojobo
Depths:2: grunt_runaround [grunt_runaround_doors_1, grunt_runaround_doors_2,
          grunt_runaround_doors_3, grunt_runaround_doors_4,
          grunt_runaround_loot], abyss_entry, hell_entry, serial_shops
Depths:3: gammafunk_corrupted_shrine, layout_cave_shapes, hell_entry,
          grunt_decor_clamped, grunt_pan_entry_zigzag,
          infiniplex_staircase_pillars_3a, uniq_boris
Depths:4: hangedman_arrow_trap, layout_gridlike, pf_hell_entry_tar_spiral,
          pan_entry, abyss_entry_glasseish, infiniplex_staircase_star
Depths:5: grunt_zot_entry_bicorn, layout_twisted_cross, enter_ziggurat_e,
          rand_demon_pan_entry_4, pf_vacation_house_of_asmodeus,
          minmay_misc_feat_diagonals, abyss_entry
Zot:1:    nicolae_zot_stationary_front, layout_gridlike, zot_minivault_5
Zot:2:    layout_gridlike
Zot:3:    layout_cathedral_of_symmetry
Zot:4:    layout_twisted_circle, skrybe_zot_glass_3
Zot:5:    layout_cathedral_of_symmetry, grunt_ministairs_14, drop_trap

Skill      XL: |  1  2  3  4  5  6  7  8  9 10 11 12 13 14 15 16 17 18 19 20 21 22 23 24 25 26 27 |
---------------+----------------------------------------------------------------------------------+-----
Shields        | 4 5 7 8 9 11 14 15 16 | 16.8
Axes           | 3 4 5 6 8 11 12 14 15 17 18 19 20 21 22 23 25 | 25.9
Armour         | 4 5 6 8 10 12 13 14 15 16 21 | 21.0
Throwing       | 1 2 3 |  3.0
Fighting       | 4 5 7 8 10 11 12 13 15 16 18 19 20 22 23 24 25 27 | 27.0
Evocations     | 2 5 6 8 9 11 12 13 14 15 20 | 20.5
Polearms       | 3 |  3.2
Dodging        | 4 5 |  5.0
Spellcasting   | 5 |  5.6
Charms         | 6 |  6.0
Hexes          | 11 | 11.2
Air Magic      | 8 |  8.0

Action                   |  1- 3 |  4- 6 |  7- 9 | 10-12 | 13-15 | 16-18 | 19-21 | 22-24 | 25-27 || total
-------------------------+-------+-------+-------+-------+-------+-------+-------+-------+-------++-------
Melee: War axe           |   133 |   222 |   314 |   601 |       |       |       |       |       ||  1270
       Broad axe         |       |       |       |    15 |   490 |       |       |       |       ||   505
       Battleaxe         |       |       |       |       |   638 |  1190 |  1435 |  1333 |    53 ||  4649
       Demon trident     |       |       |       |       |       |       |    22 |       |       ||    22
       Executioner's axe |       |       |       |       |       |       |       |       |  1845 ||  1845
       Peck              |       |       |       |       |       |       |       |       |   548 ||   548
Throw: Dart              |       |     3 |     7 |    11 |       |     8 |       |       |       ||    29
       Throwing net      |       |       |     1 |       |       |       |       |       |       ||     1
Invok: Call Merchant     |       |       |     1 |     1 |     2 |     1 |     1 |     1 |     2 ||     9
       Potion Petition   |       |       |       |       |     2 |       |       |       |       ||     2
       Bribe Branch      |       |       |       |       |       |       |       |       |     2 ||     2
 Abil: Dig               |     2 |     6 |     9 |    15 |    25 |    28 |     8 |     1 |    12 ||   106
       Shaft Self        |       |       |       |       |     1 |       |       |       |       ||     1
Evoke: Wand              |       |       |       |    12 |    34 |     3 |    18 |     5 |     9 ||    81
       Box of beasts     |       |       |       |       |       |       |     2 |     1 |     4 ||     7
       Lightning rod     |       |       |       |       |       |       |     8 |     4 |     4 ||    16
       Tin of tremorston |       |       |       |       |       |       |     2 |       |       ||     2
       Phantom mirror    |       |       |       |       |       |       |       |       |     1 ||     1
  Use: Scroll            |       |       |     8 |    10 |     6 |     5 |     6 |    12 |    27 ||    74
       Potion            |       |       |     6 |     4 |     9 |     3 |       |     5 |    14 ||    41
 Stab: Held in net/web   |       |       |     1 |       |       |       |     1 |       |       ||     2
       Distracted        |       |       |       |     3 |     3 |    13 |    18 |     8 |    30 ||    75
       Paralysed         |       |       |       |     4 |    11 |       |       |       |       ||    15
       Invisible         |       |       |       |       |       |       |       |     8 |       ||     8
  Eat: Chunk             |     2 |     4 |       |       |       |       |       |       |       ||     6
       Ration            |     1 |     1 |     4 |     6 |    17 |     9 |    11 |     9 |    15 ||    73
Armor: Scale mail        |    81 |    68 |    40 |       |       |       |       |       |       ||   189
       Chain mail        |       |       |    78 |   240 |   395 |   320 |       |       |       ||  1033
       Plate armour      |       |       |       |       |       |   134 |   592 |   238 |   516 ||  1480
Dodge: Dodged            |    54 |   106 |    81 |   120 |   289 |   238 |   251 |   116 |   303 ||  1558
Block: Kite shield       |    91 |   118 |   129 |   270 |   502 |   522 |   874 |       |       ||  2506
       Reflection        |       |       |       |       |       |       |   190 |    53 |   104 ||   347
       Tower shield      |       |       |       |       |       |       |   386 |  1004 |  1857 ||  3247

Table legend:
 A = Non-vault XP
 B = Vault XP
 C = Vault XP percentage of total XP
 D = Non-vault monster count
 E = Vault monster count
 F = Vault count percentage of total count
                 A         B        C        D         E       F
            +---------+---------+-------+---------+---------+-------
      Total |  865834 |  835213 |  49.1 |    1524 |    1080 |  41.5
            +---------+---------+-------+---------+---------+-------
        D:1 |      43 |       0 |   0.0 |      20 |       0 |   0.0
        D:2 |      69 |      16 |  18.8 |      19 |       3 |  13.6
        D:3 |      85 |       0 |   0.0 |      23 |       0 |   0.0
        D:4 |     301 |     394 |  56.7 |      16 |       3 |  15.8
        D:5 |     389 |     172 |  30.7 |      19 |       1 |   5.0
        D:6 |     823 |     356 |  30.2 |      22 |      10 |  31.2
        D:7 |    1054 |       0 |   0.0 |      19 |       0 |   0.0
        D:8 |    1021 |    1023 |  50.0 |      11 |       4 |  26.7
        D:9 |    1088 |    1252 |  53.5 |      15 |      12 |  44.4
       D:10 |    1719 |    1969 |  53.4 |      14 |       5 |  26.3
       D:11 |    3898 |       0 |   0.0 |      33 |       0 |   0.0
       D:12 |    3390 |    5004 |  59.6 |      22 |      40 |  64.5
       D:13 |    2866 |   10700 |  78.9 |      18 |      23 |  56.1
       D:14 |    9833 |    3872 |  28.3 |      34 |      14 |  29.2
       D:15 |   15890 |   10946 |  40.8 |      41 |      16 |  28.1
     Lair:1 |    3693 |    2161 |  36.9 |      11 |       1 |   8.3
     Lair:2 |    3988 |    4603 |  53.6 |      19 |      45 |  70.3
     Lair:3 |    2493 |       0 |   0.0 |       9 |       0 |   0.0
     Lair:4 |   12317 |     418 |   3.3 |      43 |       1 |   2.3
     Lair:5 |    5741 |    2437 |  29.8 |      15 |       1 |   6.2
     Lair:6 |   14565 |    9347 |  39.1 |      35 |      20 |  36.4
   Shoals:1 |   13254 |    2103 |  13.7 |      24 |       6 |  20.0
   Shoals:2 |   18779 |    4944 |  20.8 |      41 |       8 |  16.3
   Shoals:3 |   15276 |       0 |   0.0 |      34 |       0 |   0.0
   Shoals:4 |   17716 |   24092 |  57.6 |      41 |      36 |  46.8
   Spider:1 |   16345 |   12290 |  42.9 |      41 |      13 |  24.1
   Spider:2 |    9997 |       0 |   0.0 |      24 |       0 |   0.0
   Spider:3 |   18656 |    9896 |  34.7 |      51 |      23 |  31.1
   Spider:4 |   23260 |   25912 |  52.7 |      59 |      40 |  40.4
      Orc:1 |    1921 |     807 |  29.6 |      23 |       1 |   4.2
      Orc:2 |    1966 |   18826 |  90.5 |      32 |      47 |  59.5
      Elf:1 |   19017 |   13677 |  41.8 |      28 |      35 |  55.6
      Elf:2 |    3279 |   12711 |  79.5 |       4 |      18 |  81.8
      Elf:3 |   16951 |   41164 |  70.8 |      28 |      27 |  49.1
   Vaults:1 |   13522 |   10767 |  44.3 |      24 |      18 |  42.9
   Vaults:2 |    4369 |   13269 |  75.2 |      12 |      17 |  58.6
   Vaults:3 |   20472 |   42257 |  67.4 |      38 |      38 |  50.0
   Vaults:4 |   29790 |   61721 |  67.4 |      38 |      74 |  66.1
   Vaults:5 |   21314 |   91212 |  81.1 |      23 |      70 |  75.3
    Crypt:1 |   13870 |       0 |   0.0 |      26 |       0 |   0.0
    Crypt:2 |   40328 |    2088 |   4.9 |      51 |       1 |   1.9
    Crypt:3 |   24854 |   44610 |  64.2 |      36 |      49 |  57.6
   Depths:1 |   35995 |   34768 |  49.1 |      66 |      28 |  29.8
   Depths:2 |     980 |  105647 |  99.1 |       4 |     115 |  96.6
   Depths:3 |   48743 |   22750 |  31.8 |      65 |      26 |  28.6
   Depths:4 |   26378 |   15696 |  37.3 |      29 |      12 |  29.3
   Depths:5 |   45151 |   26288 |  36.8 |      45 |      19 |  29.7
      Zot:1 |   32875 |   25212 |  43.4 |      24 |      19 |  44.2
      Zot:2 |   57265 |       0 |   0.0 |      38 |       0 |   0.0
      Zot:3 |   57326 |       0 |   0.0 |      32 |       0 |   0.0
      Zot:4 |   68637 |       0 |   0.0 |      42 |       0 |   0.0
      Zot:5 |   37845 |   56983 |  60.1 |      26 |      25 |  49.0
      Zig:1 |    1705 |       0 |   0.0 |       1 |       0 |   0.0
      Zig:2 |    2735 |       0 |   0.0 |       2 |       0 |   0.0
      Zig:3 |    2991 |    2506 |  45.6 |       5 |       4 |  44.4
      Zig:4 |    9140 |    2467 |  21.3 |       3 |       4 |  57.1
      Zig:5 |    7866 |       0 |   0.0 |       6 |       0 |   0.0
 Desolation |       0 |   55880 | 100.0 |       0 |     108 | 100.0
            +---------+---------+-------+---------+---------+-------
